 Dungeon Crawl Stone Soup version 0.26-a0-662-g8b9c6dab81 (webtiles) character file.

Game seed: 9871593355111477621

136 lunkers the Covert (level 5, 0/32 HPs)
             Began as a Kobold Delver on Oct 9, 2020.
             Slain by Natasha (5 damage)
             ... on level 2 of the Dungeon.
             The game lasted 00:03:13 (2196 turns).

lunkers the Covert (Kobold Delver)                  Turns: 2196, Time: 00:03:13

Health: 0/32       AC:  5    Str:  9    XL:     5   Next: 43%
Magic:  5/5        EV: 14    Int: 12    God:
Gold:   129        SH:  0    Dex: 17    Spells: 4/4 levels left

rFire    . . .     SeeInvis .   a - +0 short sword
rCold    . . .     Faith    .   (shield restricted)
rNeg     . . .     Spirit   .   b - +0 leather armour
rPois    .         Reflect  .   (no helmet)
rElec    .         Harm     .   (no cloak)
rCorr    .         Rampage  .   i - +0 pair of gloves
MR       .....                  o - +0 pair of boots
Stlth    +++++.....             k - amulet of magic regeneration
HPRegen  0.10/turn              (no ring)
MPRegen  0.34/turn              (no ring)

@: no status effects
A: small, nightstalker 3
a: no special abilities


You were on level 2 of the Dungeon.
You visited 1 branch of the dungeon, and saw 5 of its levels.

You collected 129 gold pieces.

Inventory:

Hand Weapons
 a - a +0 short sword (weapon)
Missiles
 h - 29 poisoned darts (quivered)
Armour
 b - a +0 leather armour (worn)
 i - a +0 pair of gloves (worn)
 o - a +0 pair of boots (worn)
Jewellery
 k - an amulet of magic regeneration (around neck)
 r - an uncursed ring of see invisible {unknown}
Wands
 g - a wand of digging (3)
Scrolls
 c - 3 scrolls of fog
 d - a scroll of magic mapping
 j - 5 scrolls of identify {unknown}
 l - 5 scrolls of teleportation {unknown}
Potions
 e - a potion of invisibility {unknown}
 f - 2 potions of haste
 m - a potion of heal wounds {unknown}
 n - a potion of might {unknown}
 p - a potion of ambrosia {unknown}
 q - 2 potions of curing {unknown}


   Skills:
 - Level 3.2 Fighting
 + Level 5.2 Short Blades
 - Level 2.4 Dodging
 + Level 8.2 Stealth


You had 4 spell levels left.
You didn't know any spells.
Your spell library was empty.

Dungeon Overview and Level Annotations

Branches:
Dungeon (5/15)
 Temple: D:4-7

Altars:

Annotations:
D:2 Natasha


Innate Abilities, Weirdness & Mutations

You are small and have problems with some larger weapons.
You are completely attuned to the shadows.


Message History

You miss Natasha.
Natasha is heavily wounded.
Natasha claws you!
* * * LOW HITPOINT WARNING * * *
You miss Natasha.
Natasha is heavily wounded.
The iron imp misses you.
You closely miss Natasha.
Natasha is heavily wounded.
Natasha completely misses you. The iron imp completely misses you.
You hit Natasha but do no damage.
Natasha is severely wounded.
Natasha claws you.
* * * LOW HITPOINT WARNING * * *
You hit Natasha but do no damage.
Natasha is severely wounded.
Natasha looks more healthy.
The iron imp hits you!
* * * LOW HITPOINT WARNING * * *
Natasha claws you.
You die...

..................#.##.#
.#.....###...#.#..#.##.#
..<............#..#.##.#
.........#........#.##.#
.........#........#.##.#
.............###..#(...#
.............#....(....#
.............[...h...#.#
................@5.....#
(.....#.#......###.#.###
......#..#.#...###.#.#
......##.#.......#.#.#
......##.........#.#.#
......###........#.#
......##.......#.#.#
##.#####.......#.#.#
......##.......#.#.#.#


You could see an iron imp (summoned) and Natasha.

Vanquished Creatures
  Natasha (twice) (D:2)
  3 adders
  An ooze (D:1)
  2 worms
  A ball python (D:1)
  7 bats
  4 giant cockroaches
  4 goblins
  8 hobgoblins
  6 jackals
  5 kobolds
  A frilled lizard (D:2)
  5 rats
49 creatures vanquished.

Notes
Turn   | Place    | Note
-------+----------+-------------------------------------------
     0 | D:5      | lunkers the Kobold Delver began the quest for the Orb.
     0 | D:5      | Reached XP level 1. HP: 14/14 MP: 1/1
    29 | D:4      | Noticed an orc wizard
    34 | D:4      | Noticed an orc priest
   154 | D:3      | Reached XP level 2. HP: 17/19 MP: 2/2
   288 | D:3      | Reached skill level 7 in Stealth
   359 | D:3      | Reached XP level 3. HP: 21/23 MP: 3/3
   404 | D:2      | Found a faded altar of an unknown god.
  1039 | D:1      | Reached XP level 4. HP: 25/28 MP: 4/4
  1530 | D:2      | Noticed Natasha
  1538 | D:2      | Killed Natasha
  1538 | D:2      | Reached skill level 8 in Stealth
  1538 | D:2      | Reached XP level 5. HP: 26/32 MP: 5/5
  1621 | D:2      | Noticed Natasha
  1635 | D:2      | Killed Natasha
  1635 | D:2      | Reached skill level 5 in Short Blades
  2183 | D:2      | Noticed Natasha
  2196 | D:2      | Slain by Natasha

Illustrated notes

Levels and vault maps discovered:
D:1:      psy_arrival_dodecagon, layout_rooms
D:2:      layout_basic, chequers_ecumenical_altar_simple, uniq_natasha
D:3:      layout_rooms, lemuel_blue_sif_altar
D:4:      layout_loops_cross, uniq_duvessa
D:5:      kennysheep_steamy, layout_rooms, chequers_temple_overflow_minitemple,
          grunt_temple_overflow_open, serial_shops, shop, uniq_menkaure,
          uniq_sigmund

Skill      XL: |  1  2  3  4  5 |
---------------+----------------+-----
Short Blades   | 3 4 5 |  5.2
Stealth        | 7 8 |  8.2
Fighting       | |  3.2
Dodging        | |  2.4

Action                   |  1- 3 |  4- 6 || total
-------------------------+-------+-------++-------
Melee: Short sword       |   104 |    86 ||   190
Throw: Dart              |    41 |    45 ||    86
  Use: Scroll            |     2 |       ||     2
 Stab: Sleeping          |     6 |       ||     6
       Distracted        |     1 |       ||     1
Armor: Leather armour    |    20 |    16 ||    36
Dodge: Dodged            |    63 |    47 ||   110

Table legend: (Time is in decaauts)
 A = Elapsed time spent in this place.
 B = Non-inter-level travel time spent in this place.
 C = Inter-level travel time spent in this place.
 D = Time resting spent in this place.
 E = Time spent auto-exploring this place.
 F = Levels seen in this place.
 G = Mean time per level.
                   A        B        C        D        E       F      G
               +--------+--------+--------+--------+--------+-----+--------+
         Total |   2180 |   2146 |     34 |      0 |   1702 |   5 |  436.0 |
       Dungeon |   2180 |   2146 |     34 |      0 |   1702 |   5 |  436.0 |
               +--------+--------+--------+--------+--------+-----+--------+

Top non-repeatable levels by time:
     D:2: 1087 daAuts
     D:1: 731 daAuts
     D:3: 281 daAuts
     D:4: 53 daAuts
     D:5: 26 daAuts
